 Dungeon Crawl Stone Soup version 0.28-b1-1-g3c77fb2ed1 (webtiles) character file.

Game seed: 877665153278527184

149 DildoBatman the Conjurer (level 5, -1/35 HPs)
             Began as a Formicid Conjurer on Jan 28, 2022.
             Killed by nerve-wracking pain
             ... invoked by Menkaure
              (13 damage)
             ... on level 4 of the Dungeon.
             The game lasted 00:07:15 (2672 turns).

DildoBatman the Conjurer (Formicid Conjurer)        Turns: 2672, Time: 00:07:16

Health: -1/35      AC:  2    Str: 12    XL:     5   Next: 56%
Magic:  9/9        EV: 12    Int: 17    God:
Gold:   163        SH:  0    Dex: 11    Spells: 3/9 levels left

rFire   . . .      SeeInvis +   b - +0 hunting sling
rCold   . . .      Faith    .   (no shield)
rNeg    . . .      Spirit   .   i - +0 robe
rPois   .          Reflect  .   (helmet unavailable)
rElec   .          Harm     .   (no cloak)
rCorr   .          Rampage  .   (no gloves)
Will    .....                   (no boots)
Stlth   ++........              (no amulet)
HPRegen 0.11/turn               (no ring)
MPRegen 0.11/turn               (no ring)

@: no status effects
A: permanent stasis, dig shafts and tunnels, antennae 3, four strong arms
a: Dig, Shaft Self


You were on level 4 of the Dungeon.
You visited 1 branch of the dungeon, and saw 4 of its levels.

You collected 163 gold pieces.

Inventory:

Hand Weapons
 a - a +1 short sword of flaming
 b - a +0 hunting sling (weapon)
Missiles
 d - 112 stones (quivered ammo)
 h - 4 poisoned darts
 n - 12 bolts
 p - 47 arrows
 r - 2 javelins
Armour
 i - a +0 robe (worn)
Wands
 q - a wand of flame (16)
Scrolls
 c - a scroll of blinking {unknown}
 f - a scroll of torment {unknown}
 k - a scroll of immolation {unknown}
 m - a scroll of vulnerability {unknown}
 z - 3 scrolls of identify
Potions
 e - a potion of might {unknown}
 g - a potion of heal wounds {unknown}
 j - a potion of lignification {unknown}
 o - a potion of degeneration {unknown}
 s - a potion of ambrosia {unknown}
 t - a potion of haste {unknown}


   Skills:
 - Level 1.7 Dodging
 - Level 2.4 Stealth
 * Level 2.8 Spellcasting
 * Level 5.6 Conjurations


You had 3 spell levels left.
You knew the following spells:

 Your Spells              Type           Power      Damage    Failure   Level
a - Searing Ray           Conj           42%        2d6       2%          2
c - Magic Dart            Conj           84%        1d7       1%          1
e - Mephitic Cloud        Conj/Pois/Air  8%         N/A       24%         3

Your spell library contained the following spells:

 Spells                   Type           Power      Damage    Failure   Level
 Dazzling Flash           Conj/Hex       22%        N/A       17%         3
 Summon Small Mammal      Summ           8%         N/A       19%         1
 Call Imp                 Summ           2%         N/A       26%         2
 Call Canine Familiar     Summ           2%         N/A       47%         3
 Summon Guardian Golem    Hex/Summ       2%         N/A       47%         3
 Fulminant Prism          Conj/Hex       5%         3d7       50%         4
 Iskenderun's Mystic Bla  Conj/Tloc      11%        2d4       50%         4


Dungeon Overview and Level Annotations

Branches:
Dungeon (4/15)
 Temple: D:4-7

Altars:
Ashenzari
Sif Muna

Shops:
D:4 ?

Annotations:
D:2 Sigmund
D:3 Jessica, Natasha
D:4 Menkaure


Innate Abilities, Weirdness & Mutations

You cannot be hasted, slowed, berserked, paralysed or teleported.
You can dig through walls and to a lower floor.
You have a pair of large antennae on your head. (SInv)
Your four strong arms can wield two-handed weapons with a shield.


Message History

Found Ethruotz's Magic Scroll Boutique.
d - 94 stones (gained 28) Magic restored.
You now have 151 gold pieces (gained 12).
There is an entrance to Ethruotz's Magic Scroll Boutique here.
You can access your shopping list by pressing '$'.
p - 33 arrows (gained 23)
d - 112 stones (gained 18)
You sense a monster nearby.
p - 47 arrows (gained 14)
g - a black potion You open the door.
Found a stone staircase leading down.
There is an open door here.
You now have 163 gold pieces (gained 12).
There is a stone staircase leading down here.
Found an escape hatch in the ceiling.
There is an escape hatch in the ceiling here.
Found a leather armour.
Found a club.
You see here a +0 leather armour.
Found an escape hatch in the floor.
A quokka comes into view.
Found a leather armour.
You shoot a stone. The stone hits the quokka.
You kill the quokka!
d - 112 stones (gained 1) Menkaure, Prince of Dust comes into view.
Menkaure shouts!
Menkaure mumbles some strange words.
Menkaure seems to speed up.
Menkaure calls on the powers of darkness!
Your body is wracked with pain!
Menkaure calls on the powers of darkness!
Your body is wracked with pain!
Menkaure breathes soot at you.
Menkaure gestures at you while chanting.
Pain shoots through your body!
You die...

#.###......#
#......# .# #
#.......####
#......#####.######
#.###.#.#
#............#.....
#.###.....
#.......######.####
#..####.##.
##...).......##.#.##
##.# .# #
#.....M......##.#...
##.#### #
#.......#######.#.#.
#.....#
#[#.............#.#.
#.....#
#.#@.########.....#.
#.....#.#
#.#.##.........####.
#.....#.#
#.#.##.######..# #.
#.....#.# #.#.. .##
#..# #. #.....#.#
#.#[. ..# ###..####.
####'##.# #.#...#.#
#......... #..#.#
#.#...#.# #.########
##.#.######.#...#.#
#.#<....#
#...##...#.#
#.###.#.....#


You could see Menkaure (fast).

Vanquished Creatures
  A hound skeleton (D:3)
  Robin (D:2)
  3 gnolls (D:2)
  2 adders
  A worm (D:2)
  2 dart slugs
  6 bats
  7 endoplasms
  A giant cockroach (D:2)
  14 goblins
  7 hobgoblins
  4 kobolds (D:1)
  5 quokkas
  A ball python (D:1)
  3 frilled lizards
  9 rats (D:1)
67 creatures vanquished.

Notes
Turn   | Place    | Note
-------+----------+-------------------------------------------
     0 | D:1      | DildoBatman the Formicid Conjurer began the quest for the
                  | Orb.
     0 | D:1      | Reached XP level 1. HP: 13/13 MP: 3/3
   167 | D:1      | Reached XP level 2. HP: 19/19 MP: 1/5
   170 | D:1      | Learned a level 2 spell: Searing Ray
   253 | D:1      | Reached skill level 4 in Conjurations
   525 | D:1      | Reached XP level 3. HP: 24/24 MP: 3/6
   903 | D:2      | Found a shimmering blue altar of Sif Muna.
  1103 | D:2      | Noticed Sigmund
  1213 | D:2      | Found a faded altar of an unknown god.
  1288 | D:2      | Reached skill level 5 in Conjurations
  1288 | D:2      | Reached XP level 4. HP: 18/30 MP: 1/7
  1526 | D:3      | Noticed Jessica
  1754 | D:2      | Learned a level 3 spell: Mephitic Cloud
  1819 | D:2      | Reached XP level 5. HP: 28/35 MP: 0/8
  1884 | D:2      | Noticed Robin
  1889 | D:2      | Killed Robin
  2177 | D:3      | Noticed Natasha
  2181 | D:3      | Found a broken altar of Ashenzari.
  2404 | D:3      | Noticed an ice beast
  2567 | D:4      | Found Ethruotz's Magic Scroll Boutique.
  2663 | D:4      | Noticed Menkaure
  2672 | D:4      | Killed from afar by Menkaure

Illustrated notes

Levels and vault maps discovered:
D:1:      mushboom_english_gardens, layout_loops_cross, item_on_display_a
D:2:      layout_loops_ring, basic_altar, shapermc_ecumenical_altar_notcrosses,
          uniq_sigmund, uniq_robin
D:3:      layout_rooms, evilmike_ruin_ashenzari, uniq_natasha, uniq_jessica
D:4:      layout_basic, serial_shops, nicolae_square_shop, uniq_grinder,
          uniq_menkaure

Skill      XL: |  1  2  3 |
---------------+----------+-----
Conjurations   | 4 5 |  5.6
Dodging        | |  1.7
Stealth        | |  2.4
Spellcasting   | |  2.8

Action                   |  1- 3 |  4- 6 || total
-------------------------+-------+-------++-------
Melee: Short sword       |    32 |    20 ||    52
       Dagger            |     3 |       ||     3
 Fire: Hunting sling     |       |    11 ||    11
 Cast: Magic Dart        |    25 |     8 ||    33
       Searing Ray       |     5 |    18 ||    23
 Abil: Dig               |     2 |       ||     2
  Use: Scroll            |       |     1 ||     1
 Stab: Sleeping          |     3 |       ||     3
Armor: Robe              |     3 |     3 ||     6
Dodge: Dodged            |    22 |    23 ||    45
